[Event "Early-Titled-Tuesday-Blitz-April-02-2024"]
[Site "Chess.com"]
[Date "2024.04.02"]
[Round "1"]
[White "ATM622"]
[Black "viviania"]
[Result "0-1"]
[WhiteElo "2507"]
[BlackElo "2889"]
[TimeControl "180+1"]
[EndTime "8:08:11 PDT"]
[Termination "viviania won by resignation"]

1. d4 d5 2. c4 Nc6 3. Nf3 Bg4 4. cxd5 Bxf3 5. dxc6 Bxc6 6. Nc3 e6 7. a3 Nf6 8.
Qd3 Qd7 9. e4 O-O-O 10. Be3 Ng4 11. O-O-O Kb8 12. b3 Bxa3+ 13. Kc2 Bb4 14. d5 Bxc3 15.
dxc6 Nxe3+ 16. fxe3 Qxd3+ 17. Rxd3 Be5 18. Be2 bxc6 19.
Rhd1 Rd6 20. Rf1 Rf8 21. h4 Kb7 22. g4 h6 23. g5 hxg5 24. hxg5 g6 25. Bg4 Rxd3 26.
Kxd3 Rd8+ 27. Kc2 Rd7 28. Rh1 Bd6 29. Rh7 Re7 30. Kd3 Kb6 31. Kc4 a5 32. Rh8 Bc5 33.
Rh3 Rd7 34. Rf3 Bb4 35. Bh3 Ba3 36. Bg4 Bb2 37. Bh3 Ba3 38. Bg4 Bb4 39. Bh3 Be1 40. Rf1 Bh4 41. Rg1 Bf2 42. Rf1 Bxe3 43. e5 Bxg5 44. Bg2 Bh4 45. Rc1 Bf2 46. Kc3 c5 47. Kc4 Bd4 48. Kd3 Bxe5+ 49. Kc2 Bg7 50. Rf1 Be5 51. b4 axb4 52. Kb3 Rd3+ 53. Kc2 Rc3+ 54.
Kb1 b3 55. Be4 Re3 56. Bh1 Re2 57. Rd1 Ra2 58. Rd6+ cxd6 0-1

[Event "Early-Titled-Tuesday-Blitz-April-02-2024"]
[Site "Chess.com"]
[Date "2024.04.02"]
[Round "1"]
[White "N_I_Chess"]
[Black "bilelou"]
[Result "1-0"]
[WhiteElo "2381"]
[BlackElo "2651"]
[TimeControl "180+1"]
[EndTime "8:08:11 PDT"]
[Termination "N_I_Chess won on time"]

1. d4 e6 2. c4 Nf6 3. Nc3 c5 4.
d5 exd5 5. cxd5 d6 6. e4 g6 7. f4 Bg7 8. Nf3 O-O 9. Be2 Re8 10.
e5 dxe5 11. fxe5 Ng4 12. Bg5 Qb6 13. O-O Nxe5 14. Nxe5 Bxe5 15. Bc4 Bf5 16. d6 Qxd6 17. Qb3 Rf8 18. Nd5 Nc6 19. Rad1 Bd4+ 20. Kh1 Na5 21. Qa4 Nxc4 22. Qxc4 b5 23. Qb3 Rae8 24. Nc3 a6 25.
Bh6 Be6 26. Qc2 Bc4 27. Ne4 Qe6 28. Rfe1 Qf5 29. Bxf8 Rxf8 30. Qc1 Kg7 31. Ng3 Qf6 32. b3 Bd5 33. Rf1 Qc6 34. Qd2 f5 35. Ne2 Rf7 36.
Nxd4 Qb7 37. Nf3 Be4 38. Qc3+ Rf6 39. Qxc5 Qf7 40. Qd4 Bxf3 41. Rxf3 g5 42. Rg3 h6 43. Rgd3 Kg6 44. Re1 Qc7 45. Rde3 Qc2 46. R3e2 Qc6 47. Re7 f4 48. Qe4+ Qxe4 49. R7xe4 Rf5 50. Re6+ Kh5 51.
Rxa6 Rf8 52. Rb6 f3 53. gxf3 Rxf3 54. Re2 Rf2 55. Rxf2 1-0

[Event "Early-Titled-Tuesday-Blitz-April-02-2024"]
[Site "Chess.com"]
[Date "2024.04.02"]
[Round "1"]
[White "SaiAgni_98"]
[Black "GalaxyRoman"]
[Result "0-1"]
[WhiteElo "2493"]
[BlackElo "2837"]
[TimeControl "180+1"]
[EndTime "8:08:12 PDT"]
[Termination "GalaxyRoman won by checkmate"]

1. c4 Nf6 2. g3 c5 3. Bg2 Nc6 4. Nc3 g6 5. a3 Bg7 6. Nf3 d6 7. Rb1 O-O 8. d3 e5 9. O-O a5 10. Bg5 h6 11. Bxf6 Bxf6 12. Ne1 Be6 13. Nc2 Bg7 14. b4 axb4 15. axb4 Rb8 16. Nd5 f5 17.
e3 Kh7 18. bxc5 dxc5 19. Rb5 b6 20. Qb1 Bxd5 21. Bxd5 Ne7 22. Qb3 f4 23. Be4 Rf6 24. Rb1 Qc7 25. Ne1 fxe3 26. fxe3 Kh8 27. Nf3 Nf5 28.
Nh4 Nxh4 29. gxh4 Rd6 30. Kh1 Qd8 31. Rxc5 Qxh4 32. Rd5 Rf6 33. Qc2 Rf2 34. Qxf2 Qxf2 35. Rg1 g5 36. Rd7 Qxe3 37. Rf7 Rf8 38. Rxf8+ Bxf8 39. Rf1 Bc5 40. Kg2 Kg7 41. Rf3 Qd2+ 42. Kh3 Qe1 43. Kg4 Qg1+ 44. Kf5 Qxh2 45. Ke6 Qh5 46.
Kxe5 Qe8+ 47. Kd5 Qd7+ 48. Ke5 Bd4# 0-1

[Event "Early-Titled-Tuesday-Blitz-April-02-2024"]
[Site "Chess.com"]
[Date "2024.04.02"]
[Round "1"]
[White "Squirlolz"]
[Black "HanSchut"]
[Result "1-0"]
[WhiteElo "2606"]
[BlackElo "2244"]
[TimeControl "180+1"]
[EndTime "8:08:15 PDT"]
[Termination "Squirlolz won by resignation"]

1. b3 e5 2. Bb2 Nc6 3. e3 Bd6 4.
g3 Qe7 5. Bg2 f5 6. Ne2 Nf6 7.
f4 O-O 8. O-O b6 9. fxe5 Bxe5 10. Bxe5 Qxe5 11. Nbc3 Bb7 12. Nf4 Rae8 13. Ncd5 Nxd5 14.
Bxd5+ Kh8 15. Qh5 Qf6 16. Rae1 g6 17. Qh6 Qg7 18. Qg5 Na5 19. c4 Bxd5 20. cxd5 c5 21. h4 Rf6 22. h5 Nb7 23. Kg2 Nd6 24.
d3 Nf7 25. h6 Nxg5 26. hxg7+ Kxg7 27. a3 Nf7 28. b4 cxb4 29. axb4 Rc8 30. Ra1 Ra8 31.
Rfc1 Rd6 32. Rc7 g5 33. Ne2 Rxd5 34. Nd4 Kf6 35. Raxa7 Rxa7 36. Rxa7 Ne5 37. Ra6 Rd6 38. Ra8 Nxd3 39. Rf8+ Kg6 40. Nxf5 Rf6 41. Ne7+ Kg7 42.
Rd8 Nxb4 43. Rxd7 Rf7 44. Nf5+ Kf6 45. Rxf7+ Kxf7 46. Kf3 Nd5 47. e4 Nf6 48. e5 Nd7 49. Ke4 Nc5+ 50. Kd5 Ne6 51. Kd6 Nf8 52. Nh6+ Kg6 53.
Ng4 Kf5 54. Ne3+ Ke4 55. Nd5 b5 56. Nc3+ Kf5 57. Nxb5 h5 58. Nd4+ Kg6 59. e6 Nxe6 60. Kxe6 g4 61. Ke5 Kg5 62. Ne6+ Kg6 63. Kf4 Kf6 64.
Nc5 Kg6 65. Ne4 1-0

[Event "Early-Titled-Tuesday-Blitz-April-02-2024"]
[Site "Chess.com"]
[Date "2024.04.02"]
[Round "1"]
[White "zsizsi99"]
[Black "the_chess_child"]
[Result "1/2-1/2"]
[WhiteElo "2503"]
[BlackElo "2839"]
[TimeControl "180+1"]
[EndTime "8:08:16 PDT"]
[Termination "Game drawn - insufficient material"]

1. e4 c5 2. Nf3 d6 3. Bb5+ Bd7 4. Bxd7+ Qxd7 5. c4 e5 6. Nc3 Nc6 7. O-O Be7 8. d3 Bd8 9. a3 Nge7 10. Rb1 a5 11. Nd5 O-O 12. Bd2 f5 13. b4 fxe4 14.
dxe4 axb4 15. axb4 Nxd5 16. cxd5 Nxb4 17. Bxb4 cxb4 18. Rxb4 Ra3 19. Nd2 Ba5 20. Rb3 Ra2 21. Nc4 b5 22. Nxa5 Rxa5 23. Qd2 Ra4 24. f3 Rc8 25. Rfb1 Qa7+ 26. Qf2 Qxf2+ 27. Kxf2 Rc2+ 28. Ke3 Rxg2 29. Rxb5 Rxh2 30. Rb8+ Kf7 31. R8b7+ Kg6 32. R7b6 Ra3+ 33. R1b3 Rxb3+ 34. Rxb3 Kf6 35. Rb6 h5 36. Rxd6+ Kf7 37. Re6 Ra2 38. Rxe5 g6 39. Rg5 Kf6 40. Rg1 Ra3+ 41. Kf4 Rd3 42. e5+ Kf7 43. d6 Rd2 44.
Ra1 Ke6 45. Re1 Rd4+ 46. Kg5 Rd3 47. Kxg6 h4 48. Kg5 Rxf3 49. Kxh4 Rf8 50. Kg4 Rf7 51. Re4 Rf8 52. Kg3 Rf7 53. Kg4 Rf8 54. Kg5 Rf1 55. Rd4 Rf7 56. d7 Rg7+ 57. Kh6 Rxd7 58. Rxd7 Kxd7 59. Kg6 Ke6 60. Kg7 Kxe5 1/2-1/2

[Event "Early-Titled-Tuesday-Blitz-April-02-2024"]
[Site "Chess.com"]
[Date "2024.04.02"]
[Round "1"]
[White "SlavenPastar"]
[Black "dodorox"]
[Result "1-0"]
[WhiteElo "2575"]
[BlackElo "2153"]
[TimeControl "180+1"]
[EndTime "8:08:16 PDT"]
[Termination "SlavenPastar won on time"]

1. Nf3 d5 2. g3 Nf6 3. Bg2 e6 4. c4 dxc4 5. Qa4+ Bd7 6. Qxc4 c5 7. Ne5 Nc6 8. Nxc6 Bxc6 9. Bxc6+ bxc6 10. O-O Be7 11.
d3 O-O 12. Be3 Qd5 13. Nc3 Qxc4 14. dxc4 Ng4 15. Bf4 e5 16. Bd2 Rfd8 17. Rfd1 Nf6 18.
f3 Rd4 19. b3 Rad8 20. Be3 Rxd1+ 21. Rxd1 Rxd1+ 22. Nxd1 Nd7 23. g4 f6 24. Nc3 Kf7 25.
f4 exf4 26. Bxf4 Ke6 27. Kg2 Bd6 28. Be3 Be5 29. Na4 Bd4 30. Bf4 Be5 31. Bd2 Bd4 32. Kf3 Nb6 33. e3 Be5 34. Nxc5+ Kd6 35.
Ne4+ Ke6 36. h3 Nd7 37. Bb4 Bc7 38. Bc3 Be5 39. Bd4 a6 40. h4 Bc7 41. h5 Be5 42. b4 h6 43. Nc5+ Nxc5 44. Bxc5 f5 45. a4 fxg4+ 46. Kxg4 Bc3 47. Kf4 Kf6 48. Bd4+ Bxd4 49.
exd4 Ke6 50. Ke4 Kf6 51. d5 cxd5+ 52. Kxd5 g5 53. hxg6 h5 54. Ke4 h4 55. b5 h3 56.
Kf3 axb5 57. cxb5 Kxg6 58. b6 h2 59. Kg2 1-0

[Event "Early-Titled-Tuesday-Blitz-April-02-2024"]
[Site "Chess.com"]
[Date "2024.04.02"]
[Round "1"]
[White "Matrix3x3a"]
[Black "tortorchess"]
[Result "1-0"]
[WhiteElo "2594"]
[BlackElo "2203"]
[TimeControl "180+1"]
[EndTime "8:08:17 PDT"]
[Termination "Matrix3x3a won on time"]

1. d4 d5 2. c4 c6 3. Nc3 Nf6 4. Nf3 e6 5. Bg5 Be7 6. e3 O-O 7. Rc1 Nbd7 8. Bd3 b6 9. cxd5 exd5 10. O-O c5 11. Ne5 Bb7 12. f4 h6 13. Bh4 Ne4 14.
Bxe7 Qxe7 15. Bxe4 dxe4 16. Nxd7 Qxd7 17. dxc5 Qxd1 18. Rfxd1 bxc5 19. Na4 Rfd8 20. Nxc5 Bd5 21. a3 a5 22. b3 Rac8 23. Kf2 f5 24. Rc3 g5 25. g3 Kf7 26. Rd4 Ke7 27. b4 axb4 28. axb4 gxf4 29. gxf4 Bc6 30. Rcc4 Rg8 31. Rc1 Ra8 32.
Rd2 Rg6 33. Nb3 Rag8 34. Rh1 Rg2+ 35. Ke1 Rxd2 36. Kxd2 Rg2+ 37. Kc3 Re2 38. Kd4 Ba4 39.
Nc5 Bb5 40. Rg1 Kf6 41. Rg8 Rxh2 42. Rf8+ Kg6 43. Ke5 Rb2 44. Rxf5 Rxb4 45. Rf6+ Kg7 46. Rb6 Rb1 47. Ne6+ Kf7 48. Nd4 Bd3 49. Rxb1 Bxb1 50.
Nf5 Bd3 51. Nxh6+ Kg6 52. Nf5 Kf7 53. Nd6+ Ke7 54. Nxe4 Kf7 55. Nc5 Bc4 56. e4 Ke7 57. f5 Kf7 58. Kf4 Ba2 59. e5 Bb1 60. f6 Ba2 61.
Kg5 Bd5 62. Kf5 Bc4 63. e6+ Kf8 64. e7+ Kf7 65. Ke5 Bb5 66. Ne4 Bc6 67. Nd6+ Kg6 68. Ke6 Ba4 69. f7 Bb3+ 70. Kd7 1-0

[Event "Early-Titled-Tuesday-Blitz-April-02-2024"]
[Site "Chess.com"]
[Date "2024.04.02"]
[Round "1"]
[White "ValentinDragnev"]
[Black "MusicCityMaster"]
[Result "1-0"]
[WhiteElo "2724"]
[BlackElo "2421"]
[TimeControl "180+1"]
[EndTime "8:08:18 PDT"]
[Termination "ValentinDragnev won by resignation"]

1. e4 e6 2. d3 d5 3. Nd2 Nf6 4. Ngf3 Nc6 5. c3 e5 6. Qc2 a5 7. a4 Bc5 8. Be2 O-O 9. O-O Re8 10. Nb3 Bf8 11. Bg5 Be6 12. Rad1 h6 13. Bh4 Be7 14. Rfe1 Nd7 15. Bg3 f6 16. d4 exd4 17. Nfxd4 Nxd4 18. Nxd4 Bf7 19. exd5 Ne5 20. Nf5 Bc5 21. Bf1 Bg6 22.
Bxe5 fxe5 23. Nxh6+ Kh7 24. Nf5 Rf8 25. Bd3 Qg5 26.
Rxe5 Rae8 27. h4 Qg4 28. Rxe8 Rxe8 29. h5 Qf4 30. hxg6+ Kg8 31. Bf1 Rf8 32. Nd4 Bd6 33. g3 Qg5 34. Bg2 Qxg6 35. Qd2 Qf6 36. Ne6 Rf7 37.
Re1 b6 38. Nd4 Bc5 39. Re6 Qd8 40. Qe3 Rf8 41. Be4 Qd7 42. Bg2 Qxa4 43. Qe4 Qd1+ 44. Bf1 Qh5 45. Qg6 Qxg6 46. Rxg6 Kh7 47. Bd3 Kh8 48.
Re6 a4 49. Re4 a3 50. bxa3 Bxa3 51. Kg2 Bb2 52. Rh4+ Kg8 53. Ne6 Rf7 54. Bh7+ Kh8 55. Bg6+ Kg8 56. Bxf7+ Kxf7 57. Rf4+ Ke7 58. Rf3 b5 59.
Nxc7 Kd6 60. Nxb5+ Kxd5 61. Nd4 Kc4 62. Ne6 Bxc3 63.
Rxc3+ Kxc3 64. Nxg7 Kd4 65. Nh5 Ke5 66. g4 Ke6 67. Kg3 Kf7 68. f4 Kg6 69. f5+ 1-0

[Event "Early-Titled-Tuesday-Blitz-April-02-2024"]
[Site "Chess.com"]
[Date "2024.04.02"]
[Round "1"]
[White "shirovin"]
[Black "junhaopro"]
[Result "0-1"]
[WhiteElo "2040"]
[BlackElo "2563"]
[TimeControl "180+1"]
[EndTime "8:08:19 PDT"]
[Termination "junhaopro won on time"]

1. e4 c5 2. Nf3 e6 3. d4 cxd4 4. Nxd4 Nc6 5. c4 Nf6 6. Nc3 Bb4 7. Nxc6 bxc6 8. Bd3 e5 9. O-O O-O 10. Bg5 Be7 11.
f4 exf4 12. Bxf4 d6 13. Qe1 Ng4 14. h3 Ne5 15. Be2 Be6 16. b3 Qb6+ 17. Kh1 Rad8 18. Rd1 Bf6 19. Qg3 Kh8 20. Be3 Qb8 21. Rxf6 gxf6 22.
Qh4 Nd7 23. Bf4 Qb4 24. Rd3 d5 25. cxd5 cxd5 26. exd5 Bf5 27. Rg3 Rg8 28. Bc4 Rxg3 29. Qxg3 Rg8 30. Qe3 Nb6 31. d6 Nxc4 32. bxc4 Qxc4 33.
Ne2 Qc6 34. Ng3 Be6 35. Qd4 Rg6 36. h4 Kg8 37. h5 Rg4 38. Ne4 Rxf4 39. Nxf6+ Rxf6 40.
Qxf6 Qxd6 41. Qg5+ Kf8 42. Qf6 Qd1+ 43. Kh2 Qxh5+ 44. Kg1 Qg6 45. Qd8+ Kg7 46. Qd4+ Qf6 47. Qe3 Qa1+ 48. Kh2 Qf6 49. Qg3+ Qg6 50. Qf4 Bxa2 51.
Qe5+ Qf6 52. Qg3+ Kf8 53. Qa3+ Qe7 54. Qxa2 Qd6+ 55. Kh3 Qd3+ 56. g3 Qf5+ 57. Kh2 a5 0-1

[Event "Early-Titled-Tuesday-Blitz-April-02-2024"]
[Site "Chess.com"]
[Date "2024.04.02"]
[Round "1"]
[White "Happy1712Drummer"]
[Black "Gabrielian_Artur"]
[Result "1-0"]
[WhiteElo "2506"]
[BlackElo "2804"]
[TimeControl "180+1"]
[EndTime "8:08:20 PDT"]
[Termination "Happy1712Drummer won by resignation"]

1. e4 c5 2. Nf3 d6 3. Bb5+ Bd7 4. Bxd7+ Qxd7 5. O-O Nc6 6. d3 Nf6 7. Bg5 e6 8. Bxf6 gxf6 9. Nc3 Be7 10. d4 cxd4 11. Nxd4 Rg8 12. Nxc6 bxc6 13. Qh5 Rg7 14. Qh6 Kf8 15.
Rad1 Kg8 16. Rd3 Rg6 17. Qh5 Rb8 18. Rh3 Rxb2 19. Qxh7+ Kf8 20. Rg3 Rxg3 21. fxg3 Ke8 22. Qh8+ Bf8 23. Qxf6 Qe7 24. Nd5 Qxf6 25. Nxf6+ Ke7 26.
Ng8+ Ke8 27. Nf6+ Kd8 28. Nh7 Be7 29. Rxf7 Rxa2 30. g4 Ra5 31. g3 Ke8 32. Rg7 Rc5 33. h4 a5 34. g5 d5 35. g6 Rc3 36. Rg8+ Kd7 37. Kg2 Bd6 38. Nf6+ Ke7 39. Nh5 Rxc2+ 40. Kh3 Be5 41. exd5 cxd5 42. g7 Bxg7 43. Rxg7+ Kd6 44. Ra7 d4 45. Nf4 e5 46. Ra6+ Kd7 47. Nd3 e4 48. Rxa5 Kd6 49. Nf4 d3 50. Rd5+ Kc6 51. Rd4 d2 52.
Ng2 Kc5 53. Rd8 Ra2 54. Ne3 Ra3 55. Nf1 e3 56. Nxe3 Rxe3 57. Rxd2 Kc4 58. h5 Re1 59. Kg4 1-0

[Event "Early-Titled-Tuesday-Blitz-April-02-2024"]
[Site "Chess.com"]
[Date "2024.04.02"]
[Round "1"]
[White "BashiqChess"]
[Black "Matibar"]
[Result "1-0"]
[WhiteElo "2458"]
[BlackElo "2733"]
[TimeControl "180+1"]
[EndTime "8:08:21 PDT"]
[Termination "BashiqChess won by resignation"]

1. Nf3 Nf6 2. b3 g6 3. Bb2 Bg7 4. g3 O-O 5. Bg2 c5 6. c4 Nc6 7. O-O d5 8. cxd5 Nxd5 9. Bxg7 Kxg7 10. d4 cxd4 11. Nxd4 Nxd4 12. Qxd4+ Nf6 13. Qe5 Qb6 14.
Nc3 Be6 15. Rac1 Rad8 16. Na4 Qb4 17. Nc5 Bd5 18. Qxe7 Qb6 19. Bxd5 Rxd5 20. Qxb7 Qxb7 21. Nxb7 Rd2 22. Rfe1 Rb8 23. Rc7 Ne8 24. Rec1 Nxc7 25. Rxc7 Rxa2 26. Nd6 Rf8 27. e3 a5 28. Ra7 Rb2 29.
Rxa5 Rxb3 30. Ra7 Rd3 31. Nc4 Rd5 32. e4 Rd4 33. Ne3 Rxe4 34. Kg2 h5 35. Kf3 Re6 36. Nd5 Rd8 37. Nf4 Rc6 38. Kg2 Rc2 39. Ne6+ Kf6 40.
Nxd8 Rd2 41. Nxf7 g5 42. Nxg5 Kxg5 43. h4+ Kg6 44. Ra6+ Kg7 45. Kf3 Rb2 46. Ra5 Kg6 47. Ra6+ Kg7 48. Rc6 Rb4 49. Re6 Ra4 50. Re4 Ra2 51.
Re2 Ra4 52. Re3 Kg6 53. Re4 Ra2 54. Ke3 Ra3+ 55. Kf4 Ra8 56. f3 Ra5 57. Rc4 Rf5+ 58. Ke4 Ra5 59. Rc6+ Kg7 60. Kf4 Kh7 61. Rf6 Ra3 62.
Kg5 1-0

[Event "Early-Titled-Tuesday-Blitz-April-02-2024"]
[Site "Chess.com"]
[Date "2024.04.02"]
[Round "1"]
[White "ahkashefi2800"]
[Black "NowInChess"]
[Result "1-0"]
[WhiteElo "2612"]
[BlackElo "2267"]
[TimeControl "180+1"]
[EndTime "8:08:21 PDT"]
[Termination "ahkashefi2800 won on time"]

1. d4 Nf6 2. Nf3 g6 3. g3 Bg7 4. Bg2 O-O 5. O-O d6 6. b3 Ne4 7. Bb2 c5 8. Nbd2 Bf5 9. c4 Nc6 10. Nxe4 Bxe4 11. Qd2 cxd4 12. Nxd4 Bxg2 13. Kxg2 Qb6 14.
Nf3 Bxb2 15. Qxb2 Rac8 16. h4 h5 17. Rfd1 Rfd8 18. Rd2 Na5 19. Rad1 Qb4 20. Qd4 Nc6 21. Qf4 Qc5 22. Rd5 Qa3 23. R1d2 Qc1 24. Ng5 Rf8 25.
Qe4 Nb4 26. R5d4 Nc6 27. R4d3 Nb4 28. Rd4 Nc6 29. Rd1 Qb2 30. R4d2 Qe5 31. Qf3 a6 32.
Nh3 Qg7 33. Nf4 Ne5 34. Qxb7 Ng4 35. Qxe7 Qe5 36. Qxe5 dxe5 37. Nd5 e4 38. Nf6+ Nxf6 39. Rd6 Kg7 40. Rxa6 Rfe8 41. Rdd6 Ng4 42. e3 Ne5 43. a4 Rcd8 44. a5 Rxd6 45. Rxd6 Rb8 46. Rb6 Rxb6 47.
axb6 Nc6 48. b4 Kf6 49. b5 Na5 50. c5 Ke6 51. c6 Kd6 52. g4 Nxc6 53. bxc6 Kxc6 54. gxh5 gxh5 55. Kg3 Kxb6 56. Kf4 Kc5 57. Kxe4 Kd6 58. Kf5 1-0

[Event "Early-Titled-Tuesday-Blitz-April-02-2024"]
[Site "Chess.com"]
[Date "2024.04.02"]
[Round "1"]
[White "masnyszachistaaa"]
[Black "ProtectiveCarrot"]
[Result "0-1"]
[WhiteElo "2603"]
[BlackElo "2326"]
[TimeControl "180+1"]
[EndTime "8:08:22 PDT"]
[Termination "ProtectiveCarrot won by resignation"]

1. c4 e6 2. Nf3 Nf6 3. e3 d5 4.
b3 Bd6 5. Bb2 O-O 6. Be2 b6 7.
Rg1 Bb7 8. g4 c5 9. g5 Nfd7 10.
Nc3 dxc4 11. bxc4 Nc6 12. Ne4 Bc7 13. Qb1 Nde5 14. Nh4 Kh8 15. f4 Ng6 16. Nxg6+ fxg6 17. Qc2 e5 18. fxe5 Bxe5 19. O-O-O Qe7 20. Nc3 Rf2 21. Rde1 Raf8 22. a3 Na5 23. h4 Bc8 24. h5 Bf5 25. Bd3 gxh5 26. Bxf5 R8xf5 27. Nd5 Qd6 28. g6 h6 29. Bc3 Nxc4 30. Bxe5 Nxe5 31. Nf4 R5xf4 32. exf4 Nd3+ 33. Kb1 Nxe1 34. Rxe1 Rxf4 35. Re8+ Rf8 36. Re3 Qd4 37. Re4 Rf1+ 38. Ka2 Qd5+ 39. Kb2 Rf8 40. d3 Qg5 41. Re6 Qf5 42. Qc4 h4 43. Kb3 h3 44. Qe4 Qxe4 45. Rxe4 h2 46. Rh4 Rf6 47. Rxh2 Rxg6 48. Kc4 Rd6 49. Rf2 g5 50. Rf7 g4 51.
Rf4 h5 52. Rf5 Rh6 53. Rg5 Kh7 54. Kd5 h4 55. Rxg4 h3 56. Rg1 h2 57. Rh1 Rh3 58.
d4 cxd4 59. Kxd4 Kg6 60. Kc4 Kg5 61. Kb5 Kg4 62. Ka6 Rxa3+ 63. Kb7 Ra2 0-1

[Event "Early-Titled-Tuesday-Blitz-April-02-2024"]
[Site "Chess.com"]
[Date "2024.04.02"]
[Round "1"]
[White "themind1hunter"]
[Black "Kirill_Klukin"]
[Result "0-1"]
[WhiteElo "2491"]
[BlackElo "2830"]
[TimeControl "180+1"]
[EndTime "8:08:23 PDT"]
[Termination "Kirill_Klukin won on time"]

1. d4 Nf6 2. c4 Nc6 3. Nf3 e6 4. g3 Bb4+ 5. Bd2 Qe7 6. a3 Bxd2+ 7. Qxd2 O-O 8. Bg2 d6 9. O-O e5 10. d5 Nb8 11. Nc3 a5 12. e4 Na6 13. Qc2 Bd7 14. Nd2 c6 15. Rab1 Rfc8 16. Rfc1 cxd5 17. exd5 b5 18. b3 b4 19. axb4 axb4 20. Nd1 Nc5 21. Ne3 Ra3 22. Qd1 Rca8 23. Nc2 Bf5 24. Nxa3 bxa3 25.
Ra1 Nd3 26. Rc3 Qa7 27. c5 Nxc5 28. Qf3 Nce4 29. Nxe4 Bxe4 30. Qe3 Qxe3 31. Rxe3 Bxg2 32. Kxg2 Nxd5 33. Rd3 Nb4 34. Rxd6 a2 35. Rd2 g6 36. Kf3 Kg7 37. g4 Kf6 38. h4 h6 39. Ke3 Ra3 40.
Rb2 Ke6 41. Kd2 Ra8 42. Kc3 Nd5+ 43. Kc4 Rc8+ 44. Kb5 Rb8+ 45. Kc5 Nb4 46. Kc4 e4 47. Re2 Ke5 48. Rae1 f5 49. gxf5 gxf5 50. f3 Nd3 51. Ra1 Rc8+ 52. Kb5 Nc1 53. Re1 Nxb3 54. Rxa2 Nd4+ 55.
Kb6 Nxf3 56. Rb1 Kf4 57. Rab2 Rg8 58. Kb7 Rg4 59. Rb5 Rxh4 60. Rb6 Rh5 61. Rf6 e3 62. Rb4+ Kg3 63. Re6 Kf2 64. Rb2+ Nd2 65. Rb3 f4 0-1

[Event "Early-Titled-Tuesday-Blitz-April-02-2024"]
[Site "Chess.com"]
[Date "2024.04.02"]
[Round "1"]
[White "Predator0608"]
[Black "wonderfultime"]
[Result "1-0"]
[WhiteElo "2547"]
[BlackElo "2969"]
[TimeControl "180+1"]
[EndTime "8:08:27 PDT"]
[Termination "Predator0608 won by resignation"]

1. e4 e5 2. Nf3 Nc6 3. Bc4 Bc5 4. c3 Nf6 5. d4 exd4 6. e5 d5 7. Bb5 Ne4 8. cxd4 Bb6 9. Nc3 O-O 10. Be3 Ne7 11. Bd3 f5 12. exf6 Nxf6 13. h3 Nf5 14. O-O Nxe3 15. fxe3 Qe7 16. Qd2 c5 17. dxc5 Bxc5 18.
Nd4 Bd7 19. Rae1 Rae8 20. Bc2 Qe5 21. Bb3 Kh8 22. Bc2 Bb6 23. Nd1 g6 24. Nf3 Qg3 25. Qf2 Qd6 26. Qd2 Kg7 27. Nd4 Nh5 28. Rxf8 Rxf8 29.
Qc3 Qf6 30. Bd3 Ng3 31. a3 Kg8 32. b4 a6 33. Qb3 Qe5 34. Qc3 Ne4 35. Bxe4 dxe4 36.
Qc4+ Kh8 37. Rf1 Rxf1+ 38. Qxf1 Kg7 39. Qc4 Bc7 40. Nf2 Bd6 41. Qc3 h5 42. Kf1 Kh7 43. Qc2 a5 44. Qxe4 axb4 45. Qxb7 Qe7 46. axb4 Kh6 47.
Ne4 Bxb4 48. Qd5 Qf8+ 49. Ke2 Qe7 50. Nf3 Kg7 51. Qd4+ Kh6 52. Nf6 Bb5+ 53. Kf2 Qf7 54. Ne4 Bf8 55. Qh8+ Qh7 56. Qxf8+ Qg7 57. Qf4+ Kh7 58.
Neg5+ Kh8 59. Qb8+ Qg8 60. Qxb5 1-0

[Event "Early-Titled-Tuesday-Blitz-April-02-2024"]
[Site "Chess.com"]
[Date "2024.04.02"]
[Round "1"]
[White "Savagelittlemole"]
[Black "Mikhail_Bryakin"]
[Result "0-1"]
[WhiteElo "2523"]
[BlackElo "2919"]
[TimeControl "180+1"]
[EndTime "8:08:27 PDT"]
[Termination "Mikhail_Bryakin won on time"]

1. e4 d5 2. exd5 Nf6 3. Bb5+ Nbd7 4. Nc3 a6 5. Be2 b5 6. a3 Bb7 7. Nf3 Nb6 8. O-O Nbxd5 9. Nxd5 Qxd5 10. Ne1 e5 11. d3 Qd7 12. Bf3 c6 13. Qe2 Bd6 14. g3 O-O 15. Ng2 Rfe8 16. Bg5 Nd5 17. Rae1 f6 18. Bc1 Rad8 19. Nh4 Qf7 20. Nf5 Bf8 21. c4 Ne7 22. Nxe7+ Qxe7 23. b4 c5 24. bxc5 Bxf3 25. Qxf3 Qxc5 26. cxb5 Qxb5 27. Rd1 Qd5 28. Qe4 Bc5 29.
Qa4 Re6 30. Be3 Red6 31. Bxc5 Qxc5 32. Qb3+ Qd5 33. Qa4 Qf3 34. Qc4+ Kh8 35. Qc7 h6 36. Rd2 Kh7 37. Rfd1 Qc6 38. Qa7 Qb6 39. Qf7 R8d7 40. Qh5 Qd4 41. Qf5+ g6 42. Qf3 Kg7 43. Qe2 h5 44.
Kg2 h4 45. h3 hxg3 46. fxg3 f5 47. Re1 Re6 48. Qf2 Qd5+ 49. Kh2 e4 50. d4 Rc6 51.
Qe3 Rc4 52. Red1 Rdc7 53. h4 Rc3 54. Qf4 Re7 55. Rg2 Rf3 56. Qg5 Qf7 57. g4 f4 58.
h5 Qf6 59. h6+ Kf7 60. Qd5+ Qe6 61. Qxe6+ Kxe6 62. g5 e3 63. d5+ Kf5 64. d6 Rd7 65.
Rc2 Kxg5 66. Rg2+ Kxh6 67. Rd5 Kg7 68. Rg4 Kf6 69. Kg2 Rf2+ 70. Kg1 Rd2 71. Rdg5 R2xd6 0-1

[Event "Early-Titled-Tuesday-Blitz-April-02-2024"]
[Site "Chess.com"]
[Date "2024.04.02"]
[Round "1"]
[White "Lucky_Puncher"]
[Black "ActorXu"]
[Result "0-1"]
[WhiteElo "2498"]
[BlackElo "2857"]
[TimeControl "180+1"]
[EndTime "8:08:30 PDT"]
[Termination "ActorXu won on time"]

1. d4 Nf6 2. c4 e6 3. Nc3 Bb4 4. e3 O-O 5. Bd3 d5 6. a3 Bxc3+ 7. bxc3 dxc4 8. Bxc4 c5 9. Ne2 Qc7 10. Bd3 b6 11. e4 Bb7 12. f3 Nc6 13. Be3 e5 14. d5 Ne7 15. c4 Ng6 16. O-O Ne8 17.
Qd2 Nd6 18. f4 exf4 19. Nxf4 Ne5 20. Nh5 Ndxc4 21. Bxc4 Nxc4 22. Qc3 Qe5 23. Nf6+ gxf6 24. Qxc4 Rfe8 25. Rae1 Qxe4 26. Qc3 Qxd5 27. Rf3 Re5 28. Rg3+ Kf8 29. Rf1 Ke7 30. Bf4 Re6 31. Kh1 Rd8 32. Bh6 Qd4 33. Qc2 Qe4 34. Qf2 Rd3 35. Rg8 Qe2 36.
Qf4 Red6 37. Bf8+ Kd7 38. Bxd6 Rxd6 39. Rg7 Qe6 40. Rxh7 Rd4 41. Qf2 Rd3 42. Rg7 c4 43.
Rg3 Rd6 44. Re3 Qd5 45. Rfe1 Kc8 46. Re8+ Rd8 47. R8e7 c3 0-1

[Event "Early-Titled-Tuesday-Blitz-April-02-2024"]
[Site "Chess.com"]
[Date "2024.04.02"]
[Round "1"]
[White "agvania123"]
[Black "Harry_Rakkel"]
[Result "0-1"]
[WhiteElo "2419"]
[BlackElo "2723"]
[TimeControl "180+1"]
[EndTime "8:08:30 PDT"]
[Termination "Harry_Rakkel won by resignation"]

1. c4 Nf6 2. Nc3 e5 3. Nf3 Nc6 4. e3 d5 5. cxd5 Nxd5 6. Bb5 Nxc3 7. bxc3 Bd6 8. d4 exd4 9. cxd4 O-O 10. O-O Bg4 11. h3 Bh5 12. a4 Nb4 13. Be2 a5 14.
Ba3 Re8 15. Bxb4 Bxb4 16. Ne5 Bxe2 17. Qxe2 Qd5 18. Rfc1 c6 19. Qc4 Rad8 20. Qxd5 Rxd5 21. Rc4 Bd6 22. Nf3 Re7 23. Rb1 f5 24. Nd2 Kf8 25. Rb3 Ke8 26. g3 Kd8 27. Kg2 Kc7 28. f3 Bb4 29. Nb1 g6 30. Nc3 Bxc3 31. Rcxc3 Kd6 32. Kf2 b5 33. axb5 cxb5 34. Rb1 Rc7 35. Rxc7 Kxc7 36.
Ke2 Kb6 37. Kd3 Rd8 38. Rc1 b4 39. Rc5 Rf8 40. Kc4 Re8 41. Rb5+ Ka6 42. Re5 Rc8+ 43. Rc5 Re8 44. Re5 Rb8 45. Re6+ Ka7 46. Kb3 Rc8 47. Re7+ Kb6 48. Re6+ Kb7 49. Re7+ Ka6 50. Re6+ Kb5 51. Re5+ Kb6 52. Re6+ Kb7 53. Re7+ Kc6 54. Rxh7 Kb6 55. Rg7 Rc3+ 56. Kb2 a4 57. Rxg6+ Kb5 58. Re6 a3+ 59. Kb1 b3 60. Re8 a2+ 61. Kb2 Rc2+ 62.
Kxb3 a1=Q 63. Re5+ Kc6 64. Kxc2 Qf1 65. f4 Qxh3 66. Kd3 Qxg3 67. Kd2 Qh3 68. Kd3 Kd6 69. Kd2 Qg2+ 70. Kd3 Qb2 71. Kc4 Qc2+ 72. Kb4 Qd3 73. Ka5 Qb3 74. Ka6 Qb4 75. Rb5 Qa3+ 76. Ra5 Qd3+ 77.
Kb7 Qxe3 78. Rxf5 Qe4+ 79. d5 Qxf5 0-1

[Event "Early-Titled-Tuesday-Blitz-April-02-2024"]
[Site "Chess.com"]
[Date "2024.04.02"]
[Round "1"]
[White "HajiyevKanan"]
[Black "GMthekingindian"]
[Result "1-0"]
[WhiteElo "2590"]
[BlackElo "2197"]
[TimeControl "180+1"]
[EndTime "8:08:30 PDT"]
[Termination "HajiyevKanan won by resignation"]

1. d4 d5 2. c4 c6 3. cxd5 cxd5 4. Nf3 Nc6 5. Nc3 Nf6 6. Bg5 e6 7. e3 Bd6 8. Bd3 O-O 9. O-O Bd7 10. Qc2 h6 11. Bh4 Nb4 12. Qe2 Nxd3 13. Qxd3 Rc8 14. Rfc1 a6 15. Ne5 Be7 16. Rc2 Ne8 17. Bxe7 Qxe7 18.
Rac1 Nd6 19. a3 Rfd8 20. h3 Be8 21. b4 f6 22. Nf3 Nc4 23. e4 Bg6 24. Nd2 Qd7 25.
Nxc4 Rxc4 26. f3 b5 27. Ne2 Rdc8 28. Rxc4 Rxc4 29. Rxc4 bxc4 30. Qc3 Qa4 31. Kf2 Qd1 32. h4 h5 33. Nf4 Bf7 34. exd5 exd5 35. g3 Qb3 36.
Qxb3 cxb3 37. Nd3 Bg6 38. Nb2 Bc2 39. Ke3 Kf7 40. a4 Ke6 41. Kd2 Kd6 42. Kc3 g5 43. f4 gxf4 44. gxf4 Ke6 45. b5 axb5 46. axb5 Kd6 47. Kb4 Kd7 48. Kc5 Kc7 49. Kxd5 Kb6 50.
Kc4 Bf5 51. Na4+ Ka5 52. b6 Be4 53. Kxb3 Bc6 54. Nc5 Kxb6 55. Kc4 Kc7 56. d5 Be8 57. Kd4 Kd6 58. Ne4+ Ke7 59. f5 Bd7 60. Ng3 Kf7 61.
d6 Ke8 62. Kd5 Kf7 63. Ke4 Ke8 64. Nxh5 Kd8 65. Nxf6 Bc6+ 66. Ke5 Bb5 67. h5 Bd3 68. h6 Bxf5 69. Kxf5 Kc8 70. h7 Kb7 71. d7 1-0